AoeStats
← gob b

Team Islands

503602985Analyzed
4v4 RM · 1mo ago on Sep 1, 2026· 78m 51s· 8 players
Game mode
Random Map
Map size
242×242
Population
200
Speed
Normal
Resources
Standard
Victory
Conquest
Starting age
Dark Age
Ending age
Imperial Age
RankedLock teamsTeams togetherTeam positionsShared explorationLock speedFull tech treeHidden civsTurbo modeCheats
Victory
Defeat
🇬🇧 Wu · United Kingdom
1226
+13
🇭🇰 Spanish · Hong Kong SAR China
1198
+14
🇮🇳 Wei · India
1188
+14
🇯🇵 Italians · Japan
1112
+18
🇨🇳 Goths · China
1188
-16
1146
-14
🇹🇼 Huns · Taiwan
1145
-14
🇨🇳 Portuguese · China
1141
-14
Pig-killing team member
0:59 Loom
18:23 Feudal Age
19:39 Double-Bit Axe
19:48 Gold Mining
21:13 Wheelbarrow
20:23 Horse Collar
20:42 Fletching
23:39 Castle Age
22:48 Stone Mining
24:52 Medium Warships
26:24 Bodkin Arrow
28:39 Hand Cart
29:14 Gold Shaft Mining
32:46 Imperial Age
30:03 Town Watch
35:00 Chemistry
34:21 Ballistics
34:05 Bracer
34:16 Forging
35:28 Heavy Warships
46:14 Bow Saw
48:20 Caravan
49:08 Heavy Plow
53:06 Pikeman
54:22 Cavalier
55:02 Husbandry
55:12 Bloodlines
54:23 Light Cavalry
56:43 Masonry
56:55 Conscription
58:22 Two-Man Saw
57:17 Paladin
58:42 Scale Barding Armor
59:12 Iron Casting
61:33 Chain Barding Armor
62:14 Blast Furnace
60:37 Hussar
fatennoite
12:09 Feudal Age
16:24 Castle Age
23:07 Imperial Age
27:56 Coinage
29:25 Banking
38:04 Chemistry
38:58 Town Watch
42:46 Ballistics
42:42 Clinker Construction
42:45 Careening
44:51 Elite Cannon Galleon
47:48 Dry Dock
47:17 Treadmill Crane
47:48 Fortified Wall
50:05 Fletching
52:50 Circumnavigation
53:15 Conscription
53:12 Town Patrol
55:34 Bodkin Arrow
56:09 Carvel Hull
56:03 Siege Engineers
56:44 Heated Shot
58:06 Wheelbarrow
57:48 Guilds
66:26 Guard Tower
66:40 Bracer
66:56 Murder Holes
68:37 Keep
68:25 Bombard Tower
墨染灬青丝丶
11:07 Feudal Age
14:58 Castle Age
15:32 Double-Bit Axe
15:30 Horse Collar
16:29 Bow Saw
16:21 Heavy Plow
19:20 Loom
23:06 Man-at-Arms
23:46 Long Swordsman
33:36 Wheelbarrow
34:18 Hand Cart
34:42 Anarchy
37:31 Imperial Age
36:41 Forging
36:33 Scale Mail Armor
37:49 Iron Casting
39:17 Blast Furnace
38:33 Chain Mail Armor
38:43 Conscription
39:14 Elite Huskarl
45:33 Squires
45:25 Pikeman
45:47 Halberdier
59:44 Two-Handed Swordsman
60:13 Champion
75:08 Two-Man Saw
79:06 Crop Rotation
Alex Auditore Mercer
10:50 Feudal Age
15:02 Castle Age
13:14 Double-Bit Axe
15:54 Medium Warships
16:15 Bow Saw
17:10 Forging
24:16 Wheelbarrow
25:34 Fletching
25:37 Loom
25:33 Elite Skirmisher
27:24 Bodkin Arrow
29:29 Padded Archer Armor
30:34 Leather Archer Armor
31:47 Hand Cart
32:18 Ballistics
32:44 Horse Collar
33:49 Town Watch
36:44 Imperial Age
34:25 Thumb Ring
35:48 Gold Mining
35:48 Stone Mining
36:48 Husbandry
37:30 Bracer
38:38 Chemistry
37:29 Elite Elephant Archer
40:11 Two-Man Saw
40:27 Masonry
45:59 Ring Archer Armor
48:09 Medical Corps
51:39 Heavy Warships
56:26 Caravan
gob b
12:33 Feudal Age
10:50 Loom
12:36 Feudal Age
16:56 Castle Age
15:10 Double-Bit Axe
15:48 Horse Collar
16:00 Gold Mining
17:01 Stone Mining
17:49 Bow Saw
22:17 Fishing Lines
27:52 Imperial Age
26:03 Wheelbarrow
28:04 Forging
28:00 Scale Barding Armor
27:46 Fletching
27:56 Padded Archer Armor
28:30 Gillnets
29:06 Husbandry
29:16 Bloodlines
29:43 Iron Casting
30:03 Thumb Ring
30:24 Parthian Tactics
29:31 Heavy Hei Guang Cavalry
32:09 Ming Guang Armor
34:37 Leather Archer Armor
34:18 Bodkin Arrow
34:43 Chain Barding Armor
35:25 Blast Furnace
36:24 Conscription
38:31 Bracer
39:02 Ring Archer Armor
38:32 Scale Mail Armor
39:13 Ballistics
39:54 Chemistry
42:49 Chain Mail Armor
45:38 Light Cavalry
46:23 Murder Holes
55:09 Tuntian
56:03 Heavy Plow
58:26 Crop Rotation
HeHe
11:55 Feudal Age
12:14 Feudal Age
13:27 Double-Bit Axe
13:42 Loom
16:23 Castle Age
14:55 Horse Collar
15:29 Gold Mining
15:33 Stone Mining
17:05 Town Watch
17:32 Bow Saw
18:02 Wheelbarrow
24:13 Padded Archer Armor
37:58 Imperial Age
35:46 Forging
36:50 Bloodlines
37:59 Husbandry
38:36 Iron Casting
39:03 Conscription
39:09 Cavalier
39:10 Light Cavalry
43:13 Blast Furnace
42:20 Scale Barding Armor
42:05 Fletching
44:16 Supremacy
44:40 Hand Cart
46:04 Ballistics
49:32 Gambesons
49:47 Squires
49:08 Man-at-Arms
49:34 Arson
52:04 Stone Shaft Mining
52:55 Scale Mail Armor
53:10 Caravan
53:42 Long Swordsman
54:46 Chain Barding Armor
54:41 Chain Mail Armor
54:47 Leather Archer Armor
54:56 Leather Archer Armor
56:50 Chemistry
56:50 Guilds
56:45 Elite Skirmisher
57:40 Masonry
57:26 Murder Holes
57:28 Bodkin Arrow
57:30 Capped Ram
58:54 Two-Handed Swordsman
60:39 Plate Mail Armor
60:49 Supremacy
60:24 Champion
68:09 Hoardings
69:02 Two-Man Saw
70:56 Pikeman
71:56 Bracer
72:26 Ring Archer Armor
72:33 Ring Archer Armor
71:26 Pikeman
74:27 Bombard Tower
74:38 Architecture
74:31 Chain Barding Armor
75:38 Halberdier
76:55 Plate Barding Armor
78:36 Coinage
tinyoooo
8:24 Loom
10:43 Feudal Age
11:47 Double-Bit Axe
13:00 Town Watch
14:43 Wheelbarrow
18:08 Castle Age
18:41 Fletching
19:07 Medium Warships
19:11 Bow Saw
19:40 Medium Warships
19:54 Bodkin Arrow
24:45 Horse Collar
25:18 Fishing Lines
26:09 Ballistics
30:26 Gillnets
31:06 Hand Cart
35:58 Imperial Age
34:54 Heavy Plow
34:48 Gold Mining
36:48 Bracer
37:50 Chemistry
38:24 Gold Shaft Mining
39:00 Conscription
40:27 Scale Mail Armor
42:09 Chain Mail Armor
42:10 Forging
47:03 Plate Mail Armor
47:37 Squires
48:13 Iron Casting
48:19 Caravan
48:39 Heated Shot
50:09 Masonry
50:17 Clinker Construction
50:22 Arson
52:18 Architecture
54:05 Blast Furnace
55:31 Heavy Warships
60:10 Demolition Ship
61:25 Heavy Warships
62:19 Sitting Tiger
67:45 Coinage
67:25 Guilds
72:49 Two-Man Saw
71:51 Heavy Plow
75:18 Banking
ICByron
12:12 Feudal Age
17:50 Castle Age
18:56 Medium Warships
18:55 Fishing Lines
19:33 Gillnets
21:18 Wheelbarrow
20:28 Loom
23:16 Double-Bit Axe
23:34 Padded Archer Armor
34:45 Imperial Age
32:21 Fletching
32:32 Padded Archer Armor
36:07 Heavy Warships
35:15 Elite Genoese Crossbowman
35:52 Bodkin Arrow
36:12 Leather Archer Armor
35:54 Demolition Ship
37:46 Bracer
38:16 Ring Archer Armor
38:13 Forging
38:03 Scale Mail Armor
40:45 Iron Casting
40:36 Squires
40:21 Arson
42:01 Chain Mail Armor
44:11 Blast Furnace
43:45 Plate Mail Armor
44:23 Blast Furnace
45:33 Ring Archer Armor
50:35 Caravan
51:02 Bow Saw
50:40 Horse Collar
53:23 Chemistry
52:56 Hand Cart
53:26 Elite Cannon Galleon
63:13 Scale Barding Armor
64:21 Heavy Plow
66:36 Capped Ram
69:11 Pikeman
73:36 Chain Barding Armor
73:32 Bloodlines
72:42 Light Cavalry
73:41 Husbandry
76:00 Silk Road
76:01 Conscription
77:01 Ballistics
77:45 Crop Rotation
79:30 Plate Barding Armor
Connection lost

Rejoining the realm…

Still unreachable

The connection could not be restored.

Session expired

The server has moved on; the page needs a fresh start.